 Dungeon Crawl Stone Soup version 0.30-a0-187-gd9c2deaf24 (webtiles) character file.

Game seed: 16544722829724202911

251 lunkers the Martial Artist (level 6, -1/70 HPs)
             Began as a Meteoran Transmuter on Oct 4, 2022.
             Succumbed to a scorpion's poison
             ... on level 4 of the Dungeon.
             The game lasted 00:02:48 (728 turns).

lunkers the Martial Artist (Meteoran Transmuter)     Turns: 728, Time: 00:02:49

Health: -1/70      AC: 23    Str: 12    XL:     6   Next: 63%
Magic:  7/11       EV:  2    Int: 16    God:
Gold:   77         SH:  0    Dex: 15    Spells: 4/10 levels left

rFire   . . .      SeeInvis .      - Unarmed
rCold   . . .      Faith    .    (no shield)
rNeg    . . .      Spirit   .    (body armour currently unavailable)
rPois   +          Reflect  .    (helmet currently unavailable)
rElec   .          Harm     .    (cloak currently unavailable)
rCorr   .          Rampage  .    (gloves currently unavailable)
Will    .....      NoTele   +    (boots currently unavailable)
Stlth   +.........               (no amulet)
HPRegen 0.31/turn                (no ring)
MPRegen 0.12/turn                (no ring)

@: lethally poisoned (-1 -> -8), tree-form, wereblooded, glowing
A: stationary, stasis, torment immunity, boosted hp, sense surroundings 1,
otherworldly, glowing, explore regen
a: no special abilities


You were on level 4 of the Dungeon.
You were a tree.
You visited 1 branch of the dungeon, and saw 4 of its levels.

You collected 77 gold pieces.

Inventory:

Armour
 a - a +0 robe (melded)
 c - a +0 helmet (melded)
Scrolls
 d - a scroll of identify {unknown}
 f - a scroll of teleportation {unknown}
Potions
 b - a potion of lignification


   Skills:
 - Level 1.1 Fighting
 - Level 2.4 Dodging
 * Level 13.0 Unarmed Combat
 - Level 2.6 Spellcasting
 + Level 9.3 Transmutations


You had 4 spell levels left.
You knew the following spells:

 Your Spells              Type           Power      Damage    Failure   Level
b - Wereblood             Tmut           32%        N/A       1%          2
c - Spider Form           Tmut/Pois      17%        N/A       9%          3
p - Beastly Appendage     Tmut           64%        N/A       1%          1

Your spell library contained the following spells:

 Spells                   Type           Power      Damage    Failure   Level
 Scorch                   Fire           4%         2d5       28%         2
 Ice Form                 Ice/Tmut       17%        N/A       28%         4
 Flame Wave               Conj/Fire      2%         2d4       88%         4
 Summon Cactus Giant      Summ           1%         N/A       100%        6


Dungeon Overview and Level Annotations

Branches:
Dungeon (4/15) Zot: 1678
 Temple: D:4-7

Altars:
Wu Jian

Shops:
D:2 =


Innate Abilities, Weirdness & Mutations

You are a tree.
Your roots penetrate the ground, keeping you stationary.
You cannot be teleported.
You are immune to unholy pain and torment.
Your maximum health is greatly increased.
Your equipment is partially melded.
You passively map a small area around you.
You are easily found by Zot.
You glow in the dark.
You regain HP and MP as you explore.


Message History

You are lethally poisoned!
The scorpion poisons you!
Really quaff the potion of lignification?
Your horns disappear.
Your talons disappear.
Your +0 helmet unmelds from your body.
You turn into a tree.
Your +0 helmet melds into your body.
Your +0 robe melds into your body.
Your roots penetrate the ground.
* * * LOW HITPOINT WARNING * * *
You feel very sick. The scorpion stings you.
* * * LOW HITPOINT WARNING * * *
You are more poisoned.
The scorpion poisons you!
You hit the scorpion.
The scorpion is heavily wounded.
* * * LOW HITPOINT WARNING * * *
You feel very sick.
The scorpion stings you but does no damage.
You hit the scorpion.
The scorpion is severely wounded.
* * * LOW HITPOINT WARNING * * *
You feel very sick.
The scorpion stings you but does no damage.
You smack the scorpion!
You feel a bit better.
You kill the scorpion!
* * * LOW HITPOINT WARNING * * *
You feel very sick.
Your Transmutations skill increases to level 4!
You have reached level 5!
It was a potion of experience.
You feel more experienced!
Your Unarmed Combat skill gained 8 levels and is now at level 13!
Your Transmutations skill gained 5 levels and is now at level 9!
You have reached level 6!
You feel stronger.
* * * LOW HITPOINT WARNING * * *
You feel very sick.
* * * LOW HITPOINT WARNING * * *
You feel sick.
You die...

* * * , ..,
...# , , .
#..##..#, , .
.......# , , ,
, #.#....... *
* ,
,*#.#..##..##
$....,..., ,,*
** ,#..# #.# ,
,.# , ,
#.♣###.# ..#
#......####...
**
#..###........
, , #..#
#........ *
*#..#
#........
#..###........
#...<.........
*
#....#........
, , *,
#....#........


There were no monsters in sight!

Vanquished Creatures
  A scorpion (D:4)
  Jessica (D:3)
  2 adders
  An orc (D:3)
  A ball python (D:1)
  A giant cockroach (D:1)
  3 hobgoblins (D:2)
  4 jackals (D:1)
  3 quokkas
  A bat (D:2)
  4 goblins
22 creatures vanquished.

Vanquished Creatures (others)
  2 fungi (D:2)
2 creatures vanquished.

Grand Total: 24 creatures vanquished

Notes
Turn   | Place    | Note
-------+----------+-------------------------------------------
     0 | D:1      | lunkers the Meteoran Transmuter began the quest for the
                  | Orb.
     0 | D:1      | Reached XP level 1. HP: 16/16 MP: 5/5
    78 | D:1      | Reached skill level 4 in Unarmed Combat
    78 | D:1      | Reached XP level 2. HP: 18/23 MP: 4/6
    88 | D:1      | Learned a level 2 spell: Wereblood
   289 | D:2      | Reached XP level 3. HP: 13/28 MP: 8/8
   370 | D:2      | Learned a level 3 spell: Spider Form
   430 | D:2      | Found an ornate altar of the Wu Jian Council.
   594 | D:3      | Reached XP level 4. HP: 31/35 MP: 7/9
   633 | D:3      | Noticed Jessica
   641 | D:3      | Killed Jessica
   642 | D:3      | Reached skill level 5 in Unarmed Combat
   671 | D:2      | Found Riemn's Jewellery Shop.
   713 | D:4      | Noticed a scorpion
   725 | D:4      | Killed a scorpion
   726 | D:4      | Reached XP level 5. HP: 4/40 MP: 7/10
   726 | D:4      | Reached skill level 13 in Unarmed Combat
   726 | D:4      | Reached XP level 6. HP: 5/47 MP: 7/11
   726 | D:4      | HP: 2/70 [poisoned by a scorpion]
   728 | D:4      | Succumbed to a scorpion's poison

Illustrated notes

Levels and vault maps discovered:
D:1:      minmay_arrival_solitary_statue, layout_rooms, serial_glass,
          glass_columns_c, glass_columns_a
D:2:      layout_loops_ring, chequers_ecumenical_altar_twisty, serial_shops,
          shop, basic_altar, due_unseen_surprise, uniq_crazy_yiuf_cottage
D:3:      layout_basic, ebering_dispersal_statue_hall,
          dreamdust_princess_bridge, uniq_jessica
D:4:      layout_basic, mainiacjoe_overflow_boulevard,
          minmay_temple_entry_offerings, serial_corexii_hall,
          corexii_hall_statues_x, chequers_hall_statues_corner_a, uniq_natasha

Skill      XL: |  1  2  3  4  5 |
---------------+----------------+-----
Unarmed Combat | 4 5 13 | 13.0
Transmutations | 3 4 9 |  9.3
Fighting       | |  1.1
Dodging        | |  2.4
Spellcasting   | |  2.6

Action                   |  1- 3 |  4- 6 || total
-------------------------+-------+-------++-------
Melee: Unarmed           |    54 |    12 ||    66
       Headbutt          |     8 |     1 ||     9
       Kick              |    12 |     1 ||    13
       Punch             |     2 |     1 ||     3
 Cast: Beastly Appendage |    12 |     3 ||    15
       Wereblood         |       |     1 ||     1
  Use: Scroll            |     1 |       ||     1
       Potion            |       |     2 ||     2
Armor: Robe              |     9 |       ||     9
       Skin              |       |     2 ||     2
Dodge: Dodged            |    35 |     4 ||    39

Table legend: (Time is in decaauts)
 A = Elapsed time spent in this place.
 B = Non-inter-level travel time spent in this place.
 C = Inter-level travel time spent in this place.
 D = Time resting spent in this place.
 E = Time spent auto-exploring this place.
 F = Levels seen in this place.
 G = Mean time per level.
                   A        B        C        D        E       F      G
               +--------+--------+--------+--------+--------+-----+--------+
         Total |    722 |    690 |     32 |      0 |    476 |   4 |  180.5 |
       Dungeon |    722 |    690 |     32 |      0 |    476 |   4 |  180.5 |
               +--------+--------+--------+--------+--------+-----+--------+

Top non-repeatable levels by time:
     D:1: 267 daAuts
     D:3: 235 daAuts
     D:2: 195 daAuts
     D:4: 24 daAuts
